Unix NetHack Version 5.0.0-0 post-release - last build May 31 2026 23:59:36 (970b52f25bf058293b47ddfd14a1e40e571c508c,branch:main).

Game began 2026-06-05 13:30:00, ended 2026-06-05 13:51:15.

Drastanta, lawful male human Knight

                                        ----|.|
                                       --.|.|.|
                                       |G.....--
                                      --.........
                                      ...%)%.....
                                   --...|.|@.%...
                                   |.)..| ---....
                                  --.....   ---.|
                                  |...|.-
                                  --..|
                                   ----
Drastanta the Esquire    St:15 Dx:8 Co:11 In:8 Wi:16 Ch:18  Lawful
Dlvl:4  $:17 HP:0(25) Pw:19(19) AC:3  Xp:3 T:1146 

Latest messages:
 You swap places with your saddled pony.
 You swap places with your saddled pony.
 You swap places with your saddled pony.
 A trap door opens up under you!
 What do you want to wield? [- a or ?*] <esc>
 Never mind.
 You miss the gnome lord.
 The gnome lord hits!
 You miss the gnome lord.
 You hit the gnome lord!
 The gnome lord drinks a pink potion!
 The gnome lord looks better.
 You hit the gnome lord!
 You hit the gnome lord.
 The gnome lord hits!
 You kill the gnome lord!
 Welcome to experience level 3.
 The gnome misses!
 You kill the gnome!
 You miss the gnome.
 You miss the gnome.
 The gnome hits!
 You miss the gnome.
 The gnome hits!
 You kill the gnome!
 s - a tripe ration.
 t - a bag.
 What do you want to read? [kp or ?*] ?
 As you read the scroll, it disappears.
 A lit field surrounds you!
 You kill the gnome!
 You see here an indigo spellbook.
 u - an indigo spellbook.
 What do you want to read? [pu or ?*] ?
 You begin to memorize the runes.
 The gnome lord picks up a yellow gem.
 You stop studying.
 The gnome lord picks up a yellowish brown gem.
 You hit the gnome lord!
 The gnome lord hits!
 You kill the gnome lord!
 What do you want to drop? [$ac-jlmo-u or ?*] <esc>
 Never mind.
 The gnome shoots 2 crossbow bolts!
 You are hit by the 1st crossbow bolt!
 You hear the howling of the CwnAnnwn...
 You are hit by the 2nd crossbow bolt.
 You die...
 Do you want your possessions identified? [ynq] (y) y
 Do you want to see your attributes? [ynq] (y) q

Inventory:
 Coins    ('$')
  $ - 17 gold pieces
 Weapons  (')')
  a - a +1 long sword (weapon in right hand)
 Armor    ('[')
  d - a blessed +0 helmet (being worn)
  f - a blessed +0 pair of leather gloves (being worn)
  o - an uncursed +0 pair of iron shoes
  q - an uncursed +0 pair of iron shoes
  e - an uncursed +0 small shield (being worn)
  r - an uncursed +0 dwarvish cloak
  c - an uncursed +1 ring mail (being worn)
 Comestibles  ('%')
  g - 13 uncursed apples
  h - 11 uncursed carrots
  j - an uncursed food ration
  s - an uncursed tripe ration
 Scrolls  ('?')
  p - a blessed scroll of destroy armor
 Spellbooks  ('+')
  u - an uncursed spellbook of knock
 Potions  ('!')
  i - an uncursed potion of fruit juice
  l - an uncursed potion of invisibility
 Rings    ('=')
  m - an uncursed ring of hunger
 Tools    ('(')
  t - an empty uncursed sack

Drastanta the Knight's attributes:

Background:
 You were an Esquire, a level 3 male human Knight.
 You were lawful, nominally on a mission for Lugh
 who was opposed by Brigit (neutral) and Manannan Mac Lir (chaotic).
 You were right-handed.
 You were in the Gnomish Mines, on level 4.
 You entered the dungeon 1146 turns ago.
 You had 79 experience points, 1 more was needed to attain level 4.

Basics:
 You had 0 out of 25 hit points.
 You had all 19 energy points (spell power).
 Your armor class was 3.
 Your wallet contained 17 zorkmids.
 Autopickup was on for '$' plus thrown.

Final Characteristics:
 Your strength was 15 (limit:18/100).
 Your dexterity was 8 (limit:18).
 Your constitution was 11 (limit:18).
 Your intelligence was 8 (limit:18).
 Your wisdom was 16 (limit:18).
 Your charisma was 18 (limit:18).

Final Status:
 You weren't hungry.
 You were unencumbered.
 You were wielding a long sword.
 You had basic skill with long sword.

Final Attributes:
 You were fervently aligned.
 You could jump.
 You were warded.
 You are dead.

Miscellaneous:
 You didn't encounter any bones levels.
 Total elapsed playing time was 21 minutes and 15 seconds.

Major events:
 Turn
    1: Drastanta the lawful male human Knight entered the dungeon
  519: entered the Gnomish Mines
 1098: attained the rank of Esquire (level 3)
 1146: killed by a crossbow bolt

You didn't know any spells.

Skills:
 Fighting Skills
   bare handed combat [Unskilled]
   two weapon combat  [Unskilled]
   riding             [Basic]
 Weapon Skills
   dagger             [Unskilled]
   knife              [Unskilled]
   axe                [Unskilled]
   pick-axe           [Unskilled]
   short sword        [Unskilled]
   broadsword         [Unskilled]
   long sword         [Basic]
   two-handed sword   [Unskilled]
   saber              [Unskilled]
   club               [Unskilled]
   mace               [Unskilled]
   morning star       [Unskilled]
   flail              [Unskilled]
   hammer             [Unskilled]
   polearms           [Unskilled]
   spear              [Unskilled]
   trident            [Unskilled]
   lance              [Basic]
   bow                [Unskilled]
   crossbow           [Unskilled]
 Spellcasting Skills
   attack spells      [Unskilled]
   healing spells     [Unskilled]
   clerical spells    [Unskilled]

Voluntary challenges:
 Character rerolling was not enabled.
 You followed a strict vegan diet.
 You were an atheist.
 You never genocided any monsters.
 You never polymorphed an object.
 You never changed form.
 You used no wishes.
Achievements:
 You entered a shop.
 You entered the Gnomish Mines.
 You attained the rank of Esquire.

 The Dungeons of Doom: levels 1 to 2
    Level 1:
    Level 2:
       A general store.
       Stairs down to The Gnomish Mines.
 The Gnomish Mines: levels 3 to 4
    Level 3:
    Level 4: <- You were here.
       Final resting place for
          you, killed by a crossbow bolt.


Vanquished creatures:
  3 gnome leaders
  2 dwarves
  9 gnomes
  a gnome zombie
  2 jackals
  2 goblins
  a sewer rat
  a grid bug
  6 lichens
  2 newts
29 creatures vanquished.

No species were genocided or became extinct.

Game over:
                       ----------
                      /          \
                     /    REST    \
                    /      IN      \
                   /     PEACE      \
                  /                  \
                  |    Drastanta     |
                  |      17 Au       |
                  |   killed by a    |
                  |  crossbow bolt   |
                  |                  |
                  |                  |
                  |       2026       |
                 *|     *  *  *      | *
        _________)/\\_//(\/(/\)/\//\/|_)_______

Fare thee well Drastanta the Knight...

You died in The Gnomish Mines on dungeon level 4 with 492 points,
and 17 pieces of gold, after 1146 moves.
You were level 3 with a maximum of 25 hit points when you died.

